AoeStats
← SrMictlán

Arabia

510230405Analyzed
1v1 RM · 4d ago on Sep 30, 2026· 22m 13s· 2 players
Game mode
Random Map
Map size
Tiny (2 player)
Population
200
Speed
Normal
Resources
Standard
Victory
Conquest
Starting age
Dark Age
Ending age
Imperial Age
RankedLock teamsTeams togetherTeam positionsShared explorationLock speedFull tech treeHidden civsTurbo modeCheats
Victory
Defeat
🇲🇽 Maya · Mexico
949
+16
🇲🇽 Celts · Mexico
952
-46
SrMictlán
0:30 Loom
10:38 Feudal Age
11:22 Double-Bit Axe
16:14 Horse Collar
16:54 Fletching
24:21 Castle Age
DaviAvi
12:24 Feudal Age
12:26 Loom
15:30 Man-at-Arms
16:52 Double-Bit Axe
21:35 Town Watch
Connection lost

Rejoining the realm…

Still unreachable

The connection could not be restored.

Session expired

The server has moved on; the page needs a fresh start.